 Dungeon Crawl Stone Soup version 0.31.0-7-gf635a9b802 (webtiles) character file.

Game seed: 16642028178345367915

5126 Amaterasu the Fighter (level 10, 5/78 HPs)
             Began as a Djinni Air Elementalist on Jan 23, 2024.
             Was a Believer of Makhleb.
             Quit the game on level 9 of the Dungeon.
             The game lasted 00:26:32 (9874 turns).

Amaterasu the Fighter (Djinni Air Elementalist)     Turns: 9874, Time: 00:26:33

Health: 5/78       AC:  4    Str:  7    XL:     10   Next: 88%
Gold:   477        EV: 11    Int: 21    God:    Makhleb [**....] SH:  5 Dex: 14

rFire   + + +        h - +0 short sword (elec)
rCold   x . .        (no shield)
rNeg    . . .        r - +0 leather armour
rPois   ∞            s - +0 helmet
rElec   .            (no cloak)
rCorr   .            (no gloves)
SInv    .            (boots unavailable)
Will    +....        o - amulet of reflection
Stlth   ++           j - ring of wizardry
HPRegen 0.33/turn    m - ring of protection from fire
MPRegen 0.00/turn

%: reflection, wizardry (x1)
@: animating dead, flying
A: sickness immunity, fire resistance 2, cold vulnerability 1, float, innate
caster, HP casting, extra vitality 1
a: Renounce Religion, Minor Destruction


You were on level 9 of the Dungeon.
You worshipped Makhleb.
Makhleb was pleased with you.
You visited 1 branch of the dungeon, and saw 9 of its levels.
You also visited: Sewer.

You collected 561 gold pieces.
You spent 84 gold pieces at shops.

Inventory:

Hand Weapons
 h - a +0 short sword of electrocution (weapon)
Missiles
 w - a throwing net
Armour
 a - a +1 robe
 r - a +0 leather armour (worn)
 s - a +0 helmet (worn)
Jewellery
 c - an amulet of the acrobat
 j - a ring of wizardry (left hand)
 m - a ring of protection from fire (right hand)
 o - an amulet of reflection (around neck)
 x - a ring of wizardry
Wands
 b - a wand of mindburst (20)
Scrolls
 i - 3 scrolls of fog
 p - 2 scrolls of teleportation
 q - 3 scrolls of fear
 u - a scroll of identify
 y - a scroll of enchant armour
 z - 3 scrolls of immolation {unknown}
 B - a scroll of acquirement {unknown}
Potions
 d - 2 potions of invisibility
 e - 2 potions of haste
 f - a potion of curing
 g - a potion of mutation
 k - a potion of resistance
 l - 2 potions of might
 n - a potion of lignification
 t - a potion of enlightenment
 v - a potion of brilliance
 A - a potion of magic


   Skills:
 * Level 9.2 Fighting
 - Level 2.1 Dodging
 - Level 1.5 Stealth
 * Level 9.0 Spellcasting
 * Level 9.0 Conjurations
 * Level 9.0 Hexes
 * Level 9.0 Summonings
 * Level 9.0 Necromancy
 * Level 9.0 Translocations
 * Level 9.0 Fire Magic
 * Level 9.0 Ice Magic
 * Level 9.0 Air Magic
 * Level 9.0 Earth Magic
 * Level 9.0 Alchemy
 - Level 6.0 Invocations


You knew the following spells:

 Your Spells              Type           Power      Damage    Failure   Level
a - Shock                 Conj/Air       100%       1d9       1%          1
b - Static Discharge      Conj/Air       94%        3-7/arc   1%          2
c - Swiftness             Air            47%        N/A       1%          3
d - Airstrike             Air            23%        2d(4-20)  1%          4
e - Kiss of Death         Conj/Necr      100%       2d13      1%          1
f - Mercury Vapours       Alch/Air       94%        N/A       1%          2
g - Confusing Touch       Hex            47%        N/A       1%          3
h - Animate Dead          Necr           47%        N/A       1%          4
Your spell library was empty.

Dungeon Overview and Level Annotations

Branches:
Dungeon (9/15)             Temple (0/1) D:6           Sewer (visited)
   Lair: D:8-11         Orc: D:9-12

Altars:
Dithmenos
Fedhas
Gozag
Hepliaklqana
Makhleb
Nemelex Xobeh
Okawaru
Wu Jian
Yredelemnul
Zin
The Shining One

Shops:
D:4 (   D:7 *   D:8 :

Annotations:
D:4 Menkaure
D:6 3 runed translucent doors, Shym's ghost, novice MiFi
D:7 2 transporters
D:9 2 transporters, Mamutox's ghost, novice SpEE


Innate Abilities, Weirdness & Mutations

You are immune to sickness and miasma.
You are immune to poison.
Your flesh is very heat resistant. (rF++)
You are vulnerable to cold. (rC-)
You float through the air rather than walking.
You learn spells naturally, not from books.
Your magical power is your life essence.
You have superior vitality. (+4 MHP)


Message History

The zap hits the orc warrior.
The orc warrior is moderately wounded.
Your orc wizard zombie hits the orc warrior but does no damage.
The orc warrior barely misses you.
The orc wizard mumbles some strange words.
The orc wizard flickers and vanishes!
Something hits your orc wizard zombie.
Casting: Shock (safe; 1% risk of failure)
Confirm with . or Enter, or press ? or * to list all spells.
Aiming: Shock (safe; 1% risk of failure)
Press: ? - help, Shift-Dir - straight line, f/p - orc warrior
Aim: an orc warrior, wielding a +0 trident and wearing a +0 chain mail (moderately wounded, ally target, 71% to hit)
The zap hits the orc warrior but does no damage.
The orc warrior is moderately wounded.
Your orc wizard zombie closely misses the orc warrior.
The orc warrior hits you with a +0 trident.
Something hits you! Something hits your orc wizard zombie!
You hear some strange, mumbled words.
A puff of flame appears from out of thin air!
The puff of flame hits your orc wizard zombie!
Casting: Shock (safe; 1% risk of failure)
Confirm with . or Enter, or press ? or * to list all spells.
Aiming: Shock (safe; 1% risk of failure)
Press: ? - help, Shift-Dir - straight line, f/p - orc warrior
Aim: an orc warrior, wielding a +0 trident and wearing a +0 chain mail (moderately wounded, ally target, 71% to hit)
The zap hits the orc warrior.
The orc warrior is heavily wounded.
The orc warrior hits you with a +0 trident!
Something hits you!
* * * LOW HITPOINT WARNING * * *
Something closely misses your orc wizard zombie.
Something hits your orc wizard zombie.
Your orc wizard zombie barely misses the orc warrior.
Something hits your orc wizard zombie.
Your orc wizard zombie is destroyed!
The orc warrior hits you from afar with a +0 trident.
* * * LOW HITPOINT WARNING * * *
Something hits you.
* * * LOW HITPOINT WARNING * * *
Okay, then.
Are you sure you want to abandon this character and quit the game? (Confirm with "yes".)

# ..#.#............###..
.#. .#.###..........#....
#...##.O# #...........####
.??$WOOO###..........##?..
#############.#####..#....
.©.©...{.# #....###.#.)..
.......o.## ####..##.#....
........+.#######'##.##))Z
........#@##..........#Z##
........#.##.........+Z.##
........#..'.........#.##.
........####.........#.#..
........# #...(....[#.#).
.....). ###########.##.
#..## ##... ####


You could see 4 two-headed ogres.

Vanquished Creatures
  Pikel (D:8)
  A yak (D:9)
  A wyvern (D:9)
  A water moccasin (D:6)
  An acid dragon (D:9)
  Pargi (Sewer)
  3 orc warriors
  2 ogres
  A black bear (D:7)
  A phantom (D:5)
  5 centaurs
  3 gnoll sergeants
  A brain worm (Sewer)
  4 bullfrogs
  2 scorpions
  A wight (D:9)
  5 killer bees
  5 bombardier beetles
  3 orc priests
  A gnoll bouda (D:4)
  2 hounds
  3 jellies (D:6)
  6 iguanas
  A sleepcap (D:4)
  12 orc wizards
  24 gnolls
  7 adders
  A shadow imp (D:8)
  A white imp (D:5)
  2 ufetubi (D:5)
  A dart slug (D:3)
  3 ribbon worms
  37 orcs
  19 ball pythons
  6 endoplasms
  6 giant cockroaches
  9 goblins
  10 hobgoblins
  9 jackals
  2 quokkas
  5 bats
  5 frilled lizards
  9 kobolds
  8 rats
231 creatures vanquished.

Vanquished Creatures (collateral kills)
  A hornet (D:7)
  An ice beast (D:7)
  A centaur (D:9)
  A kobold brigand (D:8)
  4 killer bees
  A hound (D:7)
  2 gnoll boudas (D:7)
  A sleepcap (D:7)
  An orc wizard (D:9)
  A gnoll (D:7)
  A white imp (D:8)
  2 orcs
  A kobold (D:8)
18 creatures vanquished.

Vanquished Creatures (others)
  A bullfrog zombie (D:9)
  A centaur zombie (D:7)
  A black bear zombie (D:7)
  5 killer bee zombies
  An ogre zombie (D:7)
  A hound zombie (D:7)
  An iguana zombie (D:7)
  6 gnoll zombies (D:7)
  A jackal zombie (D:7)
  3 kobold zombies (D:8)
  5 orc zombies
26 creatures vanquished.

Grand Total: 275 creatures vanquished

Notes
Turn   | Place    | Note
-------+----------+-------------------------------------------
     0 | D:1      | Amaterasu the Djinni Air Elementalist began the quest for
                  | the Orb.
     0 | D:1      | Amaterasu set off with the following spells memorised:
                  | Shock, Static Discharge, Swiftness, Airstrike.
     0 | D:1      | Reached XP level 1. HP: 15/15 MP: 0/0
    77 | D:1      | Reached XP level 2. HP: 20/22 MP: 0/0
   102 | D:1      | Reached skill level 1 in Fighting
   481 | D:1      | Reached XP level 3. HP: 26/27 MP: 0/0
   481 | D:1      | Learned a level 1 spell: Kiss of Death
   563 | D:1      | Found a faded altar of an unknown god.
  1217 | D:2      | Found an iron altar of Okawaru.
  1220 | D:2      | Reached XP level 4. HP: 32/33 MP: 0/0
  1901 | D:3      | Reached XP level 5. HP: 27/40 MP: 0/0
  1901 | D:3      | Learned a level 2 spell: Mercury Vapours
  1962 | D:3      | Found a basalt altar of Yredelemnul.
  2743 | D:4      | Reached XP level 6. HP: 46/46 MP: 0/0
  2966 | D:4      | Reached skill level 5 in Spellcasting
  2966 | D:4      | Reached skill level 5 in Conjurations
  2966 | D:4      | Reached skill level 5 in Hexes
  2966 | D:4      | Reached skill level 5 in Summonings
  2966 | D:4      | Reached skill level 5 in Necromancy
  2966 | D:4      | Reached skill level 5 in Translocations
  2966 | D:4      | Reached skill level 5 in Fire Magic
  2966 | D:4      | Reached skill level 5 in Ice Magic
  2966 | D:4      | Reached skill level 5 in Air Magic
  2966 | D:4      | Reached skill level 5 in Earth Magic
  2966 | D:4      | Reached skill level 5 in Alchemy
  2966 | D:4      | Reached XP level 7. HP: 23/52 MP: 0/0
  2966 | D:4      | Learned a level 3 spell: Confusing Touch
  3136 | D:4      | Found an opulent altar of Gozag.
  3292 | D:4      | Noticed Menkaure
  3348 | D:4      | Found Kiluj's Weapon Shoppe.
  3613 | D:4      | Reached skill level 5 in Fighting
  3764 | D:5      | Entered Level 5 of the Dungeon
  3814 | D:5      | Found a glowing silver altar of Zin.
  3901 | D:5      | Reached XP level 8. HP: 51/59 MP: 0/0
  4198 | D:5      | Found an ornate altar of the Wu Jian Council.
  4446 | D:5      | Found a burning altar of Makhleb.
  4451 | D:5      | Became a worshipper of Makhleb the Destroyer
  4617 | D:5      | Reached skill level 1 in Invocations
  4722 | D:5      | Found a blossoming altar of Fedhas.
  4927 | D:6      | Found a glowing golden altar of the Shining One.
  5062 | D:6      | Found a glowing drain.
  5073 | Sewer    | Entered a sewer
  5172 | Sewer    | Noticed Pargi
  5180 | Sewer    | Killed Pargi
  5186 | Sewer    | Reached XP level 9. HP: 47/67 MP: 0/0
  5186 | Sewer    | Learned a level 4 spell: Animate Dead
  5459 | D:6      | Noticed a two-headed ogre
  5463 | D:6      | Noticed Shym's ghost (novice MiFi)
  5467 | D:6      | Found a runed translucent gate.
  5467 | D:6      | Found a runed translucent gate.
  5469 | D:6      | Found a runed translucent gate.
  5490 | D:6      | Reached * piety under Makhleb
  5986 | D:6      | Found a staircase to the Ecumenical Temple.
  6345 | D:7      | Found Ciowaydwox's Assorted Antiques.
  6353 | D:7      | Bought a scroll labelled BOEPNA LOTH for 29 gold pieces
  6353 | D:7      | Bought a scroll labelled ETUUC BIBIESSO for 29 gold pieces
  6353 | D:7      | Bought a fizzy cyan potion for 26 gold pieces
  6379 | D:7      | Noticed a hornet
  6383 | D:7      | Killed a hornet
  6725 | D:7      | Found a hazy altar of Hepliaklqana.
  6730 | D:7      | Found a shadowy altar of Dithmenos.
  6769 | D:7      | Reached skill level 5 in Invocations
  6971 | D:7      | Found a sparkling altar of Nemelex Xobeh.
  7053 | D:7      | Reached XP level 10. HP: 76/76 MP: 0/0
  7246 | D:7      | Found a transporter.
  7389 | D:7      | Reached ** piety under Makhleb
  7389 | D:7      | HP: 3/76 [killer bee (3)]
  7581 | D:7      | Found a transporter.
  8274 | D:8      | Noticed Pikel
  8294 | D:8      | HP: 3/77 [lemure[Pikel] (8)]
  8557 | D:8      | Killed Pikel
  8852 | D:8      | Found Wirr's Book Shoppe.
  9469 | D:9      | Identified the +4 chain mail "Reidy" {rElec Int+3}
  9856 | D:9      | Noticed a two-headed ogre
  9860 | D:9      | Identified the +7 great mace of Amimyl {antimagic, rC+++
                  | rN+ Str-5 Dex+3}
  9860 | D:9      | Noticed a two-headed ogre
  9860 | D:9      | Noticed a two-headed ogre
  9860 | D:9      | Noticed Mamutox's ghost (novice SpEE)
  9861 | D:9      | Found a transporter.
  9861 | D:9      | Noticed a two-headed ogre
  9867 | D:9      | Found a transporter.
  9874 | D:9      | Quit the game

Illustrated notes

Levels and vault maps discovered:
D:1:      giann_forest_graveyard, layout_loops_corners,
          shapermc_ecumenical_altar_notcrosses
D:2:      layout_basic, basic_altar
D:3:      layout_basic, mainiacjoe_overflow_brackets
D:4:      layout_gridville, nicolae_gozag_cash_rules_everything_around_me,
          serial_shops, nicolae_shop_bloodbath_and_beyond, uniq_menkaure
D:5:      layout_basic, lightli_temple_of_fire, nicolae_overflow_hidden_temple,
          hangedman_feature_mirror
D:6:      layout_loops_ring, tso_oasis_becter, minmay_temple_entry_antechambers,
          cheibrodos_sewer_entry_sluice, gammafunk_ghost_split
D:7:      gammafunk_beogh_shrine, layout_cave_pods,
          riverfiend_overflow_shadow_ancestor, nemelex_spade_bored_becter,
          serial_gnoll_camp, gnoll_camp_mini_hut, gnoll_camp_mini_hut,
          gnoll_camp_mini_house, gnoll_camp_mini_basic, gnoll_camp_mini_shop,
          kennysheep_generic_room_12, uniq_crazy_yiuf_cottage
D:8:      layout_rooms, serial_shops, nicolae_lakefront_shop, uniq_pikel
D:9:      layout_roguey, gammafunk_ghost_smash, enter_bailey_3,
          minmay_joined_circles

Skill      XL: |  1  2  3  4  5  6  7  8  9 10 |
---------------+-------------------------------+-----
Fighting       | 1 2 3 4 5 6 7 9 |  9.2
Spellcasting   | 4 5 6 7 9 |  9.0
Conjurations   | 4 5 6 7 9 |  9.0
Hexes          | 4 5 6 7 9 |  9.0
Summonings     | 4 5 6 7 9 |  9.0
Necromancy     | 4 5 6 7 9 |  9.0
Translocations | 4 5 6 7 9 |  9.0
Fire Magic     | 4 5 6 7 9 |  9.0
Ice Magic      | 4 5 6 7 9 |  9.0
Air Magic      | 4 5 6 7 9 |  9.0
Earth Magic    | 4 5 6 7 9 |  9.0
Alchemy        | 4 5 6 7 9 |  9.0
Invocations    | 2 5 6 |  6.0
Dodging        | |  2.1
Stealth        | |  1.5

Action                     |  1- 3 |  4- 6 |  7- 9 | 10-12 || total
---------------------------+-------+-------+-------+-------++-------
  Melee: Short sword       |       |       |    10 |    28 ||    38
         Punch             |       |       |       |     1 ||     1
   Cast: Shock             |    78 |    98 |   266 |    93 ||   535
         Kiss of Death     |       |     1 |       |       ||     1
         Static Discharge  |       |     9 |    26 |    18 ||    53
         Mercury Vapours   |       |     1 |       |       ||     1
         Animate Dead      |       |       |     9 |     7 ||    16
         Airstrike         |       |       |       |     8 ||     8
         Swiftness         |       |       |       |     1 ||     1
    Use: Scroll            |     3 |     6 |     2 |     9 ||    20
         Potion            |       |     1 |       |     1 ||     2
 Armour: Robe              |     7 |    23 |    31 |       ||    61
         Skin              |       |    26 |       |       ||    26
         Leather armour    |       |       |    43 |   106 ||   149
  Dodge: Dodged            |    17 |    15 |    38 |    41 ||   111
  Block: Other             |       |       |     9 |    20 ||    29
         Reflection        |       |       |       |     3 ||     3
